 Dungeon Crawl Stone Soup version 0.28.0-43-g3370ac3207 (webtiles) character file.

Game seed: 11447922545270278101

104 mortz the Vexing (level 4, -10/24 HPs)
             Began as a Deep Elf Enchanter on Mar 27, 2022.
             Killed by divine providence
             ... invoked by an orc priest
              (15 damage)
             ... on level 3 of the Dungeon.
             The game lasted 00:11:44 (1916 turns).

mortz the Vexing (Deep Elf Enchanter)               Turns: 1916, Time: 00:11:44

Health: -10/24     AC:  5    Str:  5    XL:     4   Next: 52%
Magic:  10/12      EV: 12    Int: 22    God:
Gold:   77         SH:  0    Dex: 15    Spells: 2/11 levels left

rFire   . . .      SeeInvis .   e - +2 dagger (venom) {short}
rCold   . . .      Faith    .   (no shield)
rNeg    . . .      Spirit   .   r - +0 leather armour
rPois   .          Reflect  .   g - +1 helmet
rElec   .          Harm     .   (no cloak)
rCorr   .          Rampage  .   (no gloves)
Will    .....                   (no boots)
Stlth   ++........              (no amulet)
HPRegen 0.08/turn               (no ring)
MPRegen 0.13/turn               (no ring)

@: no status effects
A: no striking features
a: no special abilities


You were on level 3 of the Dungeon.
You visited 1 branch of the dungeon, and saw 4 of its levels.

You collected 77 gold pieces.


   Skills:
 + Level 0.3 Fighting
 + Level 1.6 Short Blades
 + Level 0.7 Throwing
 + Level 2.8 Dodging
 + Level 4.2 Stealth
 + Level 4.0 Spellcasting
 + Level 5.2 Hexes


You had 2 spell levels left.
You knew the following spells:

 Your Spells              Type           Power      Damage    Failure   Level
a - Slow                  Hex            100%       N/A       2%          1
b - Tukima's Dance        Hex            27%        N/A       6%          3
c - Ensorcelled Hibernat  Hex/Ice        30%        N/A       10%         2
d - Confusing Touch       Hex            27%        N/A       6%          3

Your spell library contained the following spells:

 Spells                   Type           Power      Damage    Failure   Level
 Dazzling Flash           Conj/Hex       30%        N/A       19%         3
 Vampiric Draining        Necr           4%         2d6       50%         3

Inventory:

Hand Weapons
 a - a +1 dagger {short}
 d - a +0 short sword {short}
   (You found it on level 1 of the Dungeon)
 e - a +2 dagger of venom (weapon) {short}
   (You took it off a goblin on level 1 of the Dungeon)
Missiles
 i - 2 poisoned darts {throwing}
 j - 50 arrows
 p - a stone {throwing}
Armour
 b - a +0 robe
 g - a +1 helmet (worn)
   (You found it on level 1 of the Dungeon)
 r - a +0 leather armour (worn)
   (You took it off an orc on level 3 of the Dungeon)
Magical Staves
 m - a staff of death {!astaff}
   (You found it on level 4 of the Dungeon)
Scrolls
 f - 2 scrolls of fog {unknown}
 k - a scroll of enchant weapon {unknown}
 l - a scroll of torment {unknown}
 q - 2 scrolls of identify {unknown}
Potions
 c - 2 potions of invisibility
 h - a potion of haste {@q3}
 n - a potion of curing {unknown}
 o - a potion of flight {unknown}

Dungeon Overview and Level Annotations

Branches:
Dungeon (4/15)
 Temple: D:4-7

Altars:

Annotations:
D:2 Terence

#................
#................
#.o............##
#......#o#######
##.....#.# ###
#.#####o# #######..
#.# #.# #........
#.#####.# #.#####)#
#)#@....####.# #.. .
#.o.#........# #..
....#####).......#
##.
...................#
##
.....####.......##.#
... ..........# ...
. ...........# ###
...............
.............###


You could see an orc priest (extremely poisoned, slow).


Message History

You closely miss the orc.
The orc hits you with a +0 war axe. 😮 HP[-4]
You take 4 damage, and now have 15/24 hp.
You barely miss the orc.
The orc hits you but does no damage. 😮 MP[+1]
You hit the orc.
The orc hits you with a +0 war axe. 😮 HP[-1]
You take 1 damage, and now have 14/24 hp.
You hit the orc. The orc hits you with a +0 war axe.
* * * LOW HITPOINT WARNING * * *
😨 HP[-5]
You take 5 damage, and now have 9/24 hp.
MASSIVE DAMAGE!! (PAUSE)
You closely miss the orc. The orc hits you but does no damage.
You hit the orc.
You kill the orc!
Your Spellcasting skill increases to level 4!
Aiming: Slow (safe; 2% risk of failure)
Press: ? - help, Q - select action, (/) - cycle Shift-Dir - straight line, f - rat
Aim: a rat (chance to affect: 79%)
The rat seems to slow down. 😨 HP[+1] MP[-1]
You lost 1 mp, and now have 8/12 mp.
You closely miss the rat. You hit the rat but do no damage.
The rat barely misses you.
You barely miss the rat. 😨 MP[+1]
You barely miss the rat. The rat barely misses you.
You barely miss the rat. You hit the rat.
You kill the rat!
Things that are here:
a +0 war axe {axe}; an orc corpse What are your orders? t - Shout!
Orders for allies: a - Attack new target. r - Retreat! s - Stop attacking. g - Guard the area. f - Follow me.
Anything else - Cancel.
Okay, then.
You see here a +0 club {mace}.
You start resting.
An orc priest is nearby!
Things that are here:
a +0 war axe {axe}; an orc corpse 😨 MP[+1]
You start resting.
An orc priest is nearby! 😨 HP[+1]
Casting: Slow (safe; 2% risk of failure)
Confirm with . or Enter, or press ? or * to list all spells.
Okay, then.
Aiming: Slow (safe; 2% risk of failure)
Press: ? - help, Q - select action, (/) - cycle Shift-Dir - straight line, f - orc priest
Aim: an orc priest, wielding a +0 flail (chance to affect: 64%)
The orc priest struggles to resist.
The orc priest looks braver for a moment. 😨 MP[-1]
You lost 1 mp, and now have 9/12 mp.
Aiming: Slow (safe; 2% risk of failure)
Press: ? - help, Q - select action, (/) - cycle Shift-Dir - straight line, f/p - orc priest
Aim: an orc priest, wielding a +0 flail (chance to affect: 64%)
The orc priest seems to slow down.
The orc priest hits you with a +0 flail.
* * * LOW HITPOINT WARNING * * *
😨 HP[-1]
You take 1 damage, and now have 10/24 hp.
You hit the orc priest.
The orc priest is poisoned.
You barely miss the orc priest.
The orc priest hits you but does no damage.
You hit the orc priest.
The orc priest calls down the wrath of Beogh upon you.
Pain shoots through your body!
* * * LOW HITPOINT WARNING * * *
😨 HP[-1]
You take 1 damage, and now have 9/24 hp.
You barely miss the orc priest. You closely miss the orc priest.
The orc priest hits you but does no damage.
You closely miss the orc priest.
The orc priest hits you but does no damage.
You closely miss the orc priest. 😨 HP[+1]
You hit the orc priest.
The orc priest looks even sicker.
The orc priest hits you but does no damage. 😨 MP[+1]
You closely miss the orc priest.
The orc priest invokes the aid of Beogh against you.
Pain shoots through your body!
* * * LOW HITPOINT WARNING * * *
😱 HP[-5]
You take 5 damage, and now have 5/24 hp.
MASSIVE DAMAGE!! (PAUSE)
You closely miss the orc priest. You hit the orc priest.
The orc priest looks as sick as possible!
The orc priest calls down the wrath of Beogh upon you.
Beogh smites you!
Ouch! That really hurt!
You die...

Skill      XL: |  1  2  3  4 |
---------------+-------------+-----
Stealth        | 4 |  4.2
Hexes          | 5 |  5.2
Spellcasting   | 4 |  4.0
Fighting       | |  0.3
Short Blades   | |  1.6
Throwing       | |  0.7
Dodging        | |  2.8

Action                   |  1- 3 |  4- 6 || total
-------------------------+-------+-------++-------
Melee: Dagger            |    55 |    38 ||    93
       Punch             |     1 |       ||     1
Throw: Dart              |     6 |       ||     6
 Cast: Slow              |    14 |    11 ||    25
       Tukima's Dance    |       |     1 ||     1
 Stab: Sleeping          |     3 |     1 ||     4
Armor: Robe              |     8 |     1 ||     9
       Leather armour    |       |     6 ||     6
Dodge: Dodged            |    23 |    10 ||    33

Levels and vault maps discovered:
D:1:      matt_arrival_diagonals, layout_basic,
          hellmonk_ecumenical_altar_pennies_from_heaven
D:2:      layout_rooms, uniq_terence
D:3:      layout_basic, overflow_temple_1_default
D:4:      layout_rooms, serial_glass, glass_columns_a, glass_columns_b,
          lightli_corner_chamber, uniq_edmund

Notes
Turn   | Place    | Note
-------+----------+-------------------------------------------
     0 | D:1      | mortz the Deep Elf Enchanter began the quest for the Orb.
     0 | D:1      | Reached XP level 1. HP: 10/10 MP: 6/6
     0 | D:1      | magus.rc [v1.9.6]
   598 | D:1      | You pick up a book of Debilitation and begin reading...
   598 | D:1      | You add the spells Slow and Vampiric Draining to your
                  | library.
   601 | D:1      | Learned a level 1 spell: Slow
   696 | D:1      | Reached XP level 2. HP: 10/15 MP: 6/8
   938 | D:1      | Found a faded altar of an unknown god.
  1236 | D:2      | Noticed Terence
  1317 | D:2      | You fall into a shaft and drop 2 floors!
  1431 | D:4      | Noticed a scorpion
  1434 | D:4      | Reached XP level 3. HP: 19/19 MP: 9/9
  1445 | D:3      | HP: 3/19 [scorpion (8)]
  1452 | D:3      | Killed a scorpion
  1453 | D:3      | Reached skill level 4 in Stealth
  1453 | D:3      | Reached skill level 5 in Hexes
  1453 | D:3      | Reached XP level 4. HP: 5/24 MP: 9/11
  1792 | D:3      | Learned a level 3 spell: Tukima's Dance
  1795 | D:3      | Learned a level 2 spell: Ensorcelled Hibernation
  1799 | D:3      | Learned a level 3 spell: Confusing Touch
  1886 | D:3      | Reached skill level 4 in Spellcasting
  1914 | D:3      | HP: 5/24 [orc priest/nerve-wracking pain (5)]
  1916 | D:3      | Killed from afar by an orc priest

Vanquished Creatures
  A scorpion (D:3)
  An adder (D:4)
  3 orcs (D:3)
  3 ball pythons
  3 endoplasms (D:1)
  A giant cockroach (D:1)
  2 goblins
  2 hobgoblins
  2 jackals
  2 kobolds
  A quokka (D:1)
  A bat (D:1)
  A frilled lizard (D:1)
  A rat (D:3)
24 creatures vanquished.

Table legend:
 A = Non-vault XP
 B = Vault XP
 C = Vault XP percentage of total XP
 D = Non-vault monster count
 E = Vault monster count
 F = Vault count percentage of total count
                 A         B        C        D         E       F
            +---------+---------+-------+---------+---------+-------
      Total |     149 |       0 |   0.0 |      24 |       0 |   0.0
            +---------+---------+-------+---------+---------+-------
        D:1 |      22 |       0 |   0.0 |      12 |       0 |   0.0
        D:2 |       2 |       0 |   0.0 |       1 |       0 |   0.0
        D:3 |     107 |       0 |   0.0 |       7 |       0 |   0.0
        D:4 |      18 |       0 |   0.0 |       4 |       0 |   0.0
            +---------+---------+-------+---------+---------+-------

Illustrated notes

Table legend:
 A = Kills in this place as a percentage of kills in entire the game.
 B = Kills by you in this place as a percentage of kills by you in the entire game.
 C = Kills by friends in this place as a percentage of kills by friends in the entire game.
 D = Other kills in this place as a percentage of other kills in the entire game.
 E = Experience gained in this place as a percentage of experience gained in the entire game.
 F = Experience gained in this place divided by the number of levels of this place that you have seen.
                   A       B       C       D       E      F
               +-------+-------+-------+-------+-------+----------------------
         Total | 100.0 | 100.0 |   N/A |   N/A | 100.0 |  37.2
       Dungeon | 100.0 | 100.0 |   N/A |   N/A | 100.0 |  37.2
               +-------+-------+-------+-------+-------+----------------------

Table legend: (Time is in decaauts)
 A = Elapsed time spent in this place.
 B = Non-inter-level travel time spent in this place.
 C = Inter-level travel time spent in this place.
 D = Time resting spent in this place.
 E = Time spent auto-exploring this place.
 F = Levels seen in this place.
 G = Mean time per level.
                   A        B        C        D        E       F      G
               +--------+--------+--------+--------+--------+-----+--------+
         Total |   1911 |   1842 |     69 |    471 |   1035 |   4 |  477.8 |
       Dungeon |   1911 |   1842 |     69 |    471 |   1035 |   4 |  477.8 |
               +--------+--------+--------+--------+--------+-----+--------+

Top non-repeatable levels by time:
     D:1: 1300 daAuts
     D:3: 471 daAuts
     D:4: 122 daAuts
     D:2: 16 daAuts
